Map: [EWC] Oceanborn

Players

Maru - Winner!

  • Race: Terran Terran
  • Spawn Location: 5:00

Oliveira

  • Race: Terran Terran
  • Spawn Location: 11:00

Event: Esports World Cup 2024

VOD

Have the link to the VOD?

Description

Time

  • Played on: Aug. 15, 2024, 5:18 a.m.
  • Length: 20:42

All games in this series

Show
View Real Time Build Order
Export as new Build Order

Maru Terran - Winner!

Build Orders: Reaper Expand 

Get SALT Encoding   

  12  0:00  SCV  
  13  0:12  SCV  
  14  0:17  Supply Depot  
  14  0:24  SCV  
  15  0:38  SCV  
  15  0:40  Barracks  
  16  0:42  Refinery  
  16  0:50  SCV  
  17  1:03  SCV  
  18  1:15  SCV  
  19  1:27  Orbital Command, Reaper  
  20  1:40  Command Center  
  20  1:52  Supply Depot, SCV  
  21  1:59  Reaper  
  22  2:04  SCV  
  23  2:17  SCV, Refinery  
  23  2:22  Factory  
  24  2:29  SCV  
  25  2:40  Barracks Reactor  
  25  2:41  SCV  
  26  2:45  Command Center  
  26  2:53  SCV  
  26  2:54  Orbital Command  
  26  3:07  SCV  
  26  3:09  Starport  
  26  3:20  Hellion x2  
  26  3:21  SCV  
  26  3:23  SCV  
  26  3:26  Barracks Tech Lab  
  32  3:33  SCV  
  33  3:36  SCV  
  34  3:41  Hellion  
  34  3:42  Hellion  
  34  3:45  SCV  
  34  3:48  SCV  
  40  3:52  Raven  
  40  3:53  Supply Depot  
  40  3:55  Barracks Tech Lab  
  42  3:57  SCV  
  42  3:59  Orbital Command  
  42  4:00  SCV  
  44  4:07  Hellion x2  
  49  4:10  SCV  
  49  4:12  SCV, Refinery  
  49  4:13  Interference Matrix  
  50  4:22  SCV  
  51  4:24  SCV  
  51  4:26  Raven  
  51  4:27  SCV  
  51  4:30  Cyclone  
  57  4:32  Cyclone  
  57  4:34  Supply Depot, SCV  
  57  4:36  SCV  
  57  4:38  Refinery  
  61  4:39  SCV, Marine  
  62  4:46  SCV  
  62  4:48  SCV  
  62  4:51  SCV  
  65  4:58  SCV  
  66  5:01  Supply Depot  
  66  5:04  Barracks x2  
  66  5:05  Raven  
  66  5:07  SCV  
  69  5:14  Siege Tank, Marine x2  
  71  5:17  SCV  
  71  5:18  Orbital Command  
  71  5:20  Supply Depot  
  73  5:24  SCV, Engineering Bay  
  73  5:25  Engineering Bay  
  74  5:29  SCV  
  75  5:37  SCV  
  75  5:41  SCV  
  77  5:47  Siege Tank  
  77  5:49  SCV, Barracks  
  82  5:51  Barracks  
  82  5:53  SCV  
  82  5:58  Marine x3  
  82  6:01  Orbital Command, SCV  
  84  6:05  SCV  
  84  6:07  Terran Infantry Weapons Level 1  
  84  6:09  Orbital Command  
  85  6:13  SCV  
  85  6:15  Viking  
  85  6:16  Marine, Viking  
  85  6:17  SCV  
  92  6:19  Marine  
  92  6:20  Marine  
  93  6:28  Supply Depot  
  93  6:29  Supply Depot  
  92  6:32  Stimpack  
  92  6:38  Siege Tank  
  95  6:42  Barracks Reactor  
  95  6:43  Barracks Reactor x3  
  95  6:46  Viking  
  97  6:55  SCV  
  97  6:56  SCV  
  97  6:59  Marine  
  66  7:09  SCV x2  
  66  7:10  SCV  
  53  7:17  Marine  
  53  7:19  Terran Infantry Armor Level 1  
  53  7:22  SCV x3  
  56  7:25  Marine x2  
  58  7:34  SCV x3  
  61  7:37  Marine  
  61  7:38  Marine x2  
  61  7:40  Marine  
  65  7:46  SCV x3, Medivac  
  65  7:47  Medivac  
  65  7:49  Marine x2  
  74  7:54  Marine x2  
  74  7:57  Marine  
  74  7:58  SCV, Marine x2  
  80  8:00  Siege Tank  
  83  8:06  Marine x2  
  83  8:07  SCV, Marine x2  
  83  8:10  SCV  
  83  8:12  Combat Shield  
  88  8:17  Marine x3  
  88  8:19  Medivac  
  91  8:20  SCV  
  91  8:21  Marine  
  91  8:22  SCV, Marine  
  91  8:23  Marine  
  96  8:27  Orbital Command  
  96  8:32  SCV  
  86  8:34  SCV  
  86  8:37  Marine x2  
  86  8:40  Marine x2  
  86  8:41  Marine, Marauder, Medivac  
  85  8:42  Marine x2  
  85  8:44  SCV  
  85  8:46  SCV  
  87  8:52  Siege Tank  
  83  8:55  Armory  
  83  8:57  SCV  
  83  8:58  SCV  
  83  9:01  Medivac  
  87  9:03  Marine  
  87  9:05  Marine  
  90  9:10  SCV x3  
  90  9:15  Marine x3  
  95  9:20  Marine x2  
  95  9:21  Marine  
  95  9:22  SCV x3, Marine  
  102  9:26  Supply Depot  
  102  9:28  Siege Tank  
  105  9:31  Marine x2  
  105  9:34  SCV, Missile Turret  
  108  9:42  Marine x2  
  110  9:47  Marine  
  110  9:49  SCV  
  110  9:54  SCV, Terran Infantry Weapons Level 2  
  110  9:55  Terran Infantry Armor Level 2  
  110  9:56  Command Center  
  111  10:00  Marine x2  
  111  10:02  Siege Tank  
  111  10:04  Medivac  
  111  10:05  Marine  
  119  10:08  Refinery  
  119  10:10  Refinery  
  119  10:13  Supply Depot, Terran Vehicle Weapons Level 1  
  119  10:16  Viking  
  119  10:17  SCV  
  122  10:24  SCV x2  
  123  10:30  Barracks Reactor  
  123  10:31  Supply Depot  
  123  10:32  SCV  
  123  10:33  Supply Depot  
  124  10:36  SCV  
  124  10:37  Viking  
  127  10:43  Factory  
  127  10:44  SCV x2  
  127  10:46  Viking  
  127  10:49  SCV  
  132  10:55  Sensor Tower  
  132  10:56  SCV x2, Marine x2  
  136  10:58  Missile Turret  
  136  11:02  Siege Tank  
  139  11:10  Marine x4  
  142  11:12  Viking  
  142  11:14  SCV x2  
  142  11:16  Viking  
  142  11:17  SCV  
  149  11:22  Missile Turret  
  149  11:26  SCV  
  149  11:30  Supply Depot, Siege Tank  
  149  11:31  Marine  
  149  11:32  Marine x3  
  157  11:33  Starport  
  157  11:35  SCV, Starport  
  158  11:42  Viking  
  158  11:44  Planetary Fortress  
  159  11:47  Refinery x2  
  159  11:48  Missile Turret  
  159  11:49  Viking  
  159  11:51  Marine  
  162  11:55  Supply Depot, SCV  
  162  11:56  SCV x2  
  165  12:07  Siege Tank, SCV  
  169  12:12  Viking  
  169  12:13  Terran Infantry Weapons Level 3  
  170  12:16  Viking  
  170  12:18  Viking  
  170  12:19  Marine x2, Viking  
  177  12:29  Marine  
  164  12:41  Siege Tank  
  164  12:42  Marine, Viking  
  170  12:45  Supply Depot  
  170  12:46  Terran Infantry Armor Level 3  
  170  12:49  Starport Tech Lab x2  
  170  12:50  SCV, Command Center  
  170  12:51  SCV x2  
  173  12:56  Command Center  
  173  13:03  SCV, Siege Tank  
  177  13:10  Raven x2  
  181  13:13  Terran Vehicle Weapons Level 2, Armory  
  181  13:16  SCV x3  
  184  13:25  Command Center  
  184  13:28  SCV  
  184  13:30  Viking  
  184  13:32  Supply Depot  
  187  13:42  Viking  
  180  13:51  Raven x2  
  181  13:57  Siege Tank x2  
  181  14:00  Viking  
  185  14:06  Marine  
  160  14:11  Marine x2  
  160  14:12  Marine x3, Viking  
  160  14:13  Marine  
  136  14:25  SCV  
  136  14:28  Orbital Command  
  136  14:29  Siege Tank x2, Terran Vehicle And Ship Armor Level 1  
  137  14:33  Raven x2  
  137  14:34  Marine x6  
  137  14:35  Marine x4  
  145  14:52  Marine x9  
  117  14:57  Marine, Viking  
  123  15:01  Siege Tank  
  123  15:06  SCV x3  
  129  15:07  Raven, SCV  
  129  15:10  Marine x6  
  129  15:13  Siege Tank, Marine x2, Sensor Tower  
  143  15:18  SCV  
  143  15:20  Planetary Fortress  
  144  15:22  Marine  
  144  15:26  Marine  
  144  15:28  Marine x4  
  150  15:29  Raven  
  150  15:34  SCV  
  153  15:39  Refinery x2  
  153  15:42  Raven, Marine x5  
  159  15:44  Marine  
  159  15:45  Marine  
  159  15:46  SCV, Marine  
  164  15:51  SCV x2  
  166  15:58  SCV, Marine x2, Missile Turret  
  166  15:59  Siege Tank  
  166  16:00  Marine x4, Viking  
  166  16:03  Orbital Command, SCV x2, Marine  
  181  16:06  SCV  
  181  16:10  SCV  
  183  16:15  SCV  
  183  16:16  SCV  
  183  16:17  Starport  
  185  16:19  Starport  
  185  16:21  Marine  
  185  16:22  Raven, Sensor Tower  
  185  16:23  Marine x4  
  192  16:30  SCV, Missile Turret  
  168  16:41  Raven  
  168  16:42  Viking x2  
  168  16:44  Marine x5  
  168  16:51  Marine  
  168  16:53  Siege Tank, Marine x4  
  170  16:57  Raven  
  172  17:02  Siege Tank  
  172  17:05  Marine x3  
  172  17:06  Marine x2  
  172  17:08  Starport Tech Lab x2  
  180  17:14  Marine x5  
  185  17:15  Banshee  
  185  17:19  Refinery  
  188  17:23  Marine x2  
  190  17:30  Marine x2, Refinery  
  190  17:31  Marine, Command Center  
  190  17:32  Marine, Terran Vehicle And Ship Armor Level 2  
  193  17:45  Siege Tank, Marine  
  193  17:46  Siege Tank  
  200  17:55  Command Center  
  200  18:14  Barracks x3  
  199  18:49  Marine  
  200  19:02  Barracks Reactor x3  
  200  19:04  Hi-Sec Auto Tracking  
  199  19:23  Sensor Tower  
  199  19:26  Missile Turret  
  196  19:36  Marine  
  196  19:37  Marine x3  
  196  19:38  Marine  
  179  19:44  Marine x3  
  147  19:46  Marine x3  
  147  19:48  Marine  
  147  19:49  Marine x4  
  147  19:50  Raven x4, Planetary Fortress  
  147  19:51  Planetary Fortress, Viking  
  165  19:54  Marine x3  
  165  20:00  Marine x2  
  165  20:01  Marine  
  165  20:02  Marine x2  
  165  20:03  Viking  
  165  20:05  SCV x5  
  172  20:09  Marine x2  
  172  20:10  Marine  
  172  20:11  Marine x4  
  179  20:17  SCV  
  179  20:19  Marine x3  
  179  20:20  Marine  
Show
View Real Time Build Order
Export as new Build Order

Oliveira Terran 

Build Orders: Gas First Reaper Expand 

Get SALT Encoding   

  12  0:00  SCV  
  13  0:12  SCV  
  14  0:17  Supply Depot  
  14  0:24  SCV  
  14  0:27  Refinery  
  15  0:38  SCV  
  16  0:44  Barracks  
  16  0:51  SCV  
  17  1:03  SCV  
  18  1:15  SCV  
  19  1:31  Orbital Command, Reaper  
  20  1:43  Command Center  
  20  1:53  Factory  
  20  1:58  SCV  
  21  2:06  Supply Depot  
  21  2:10  SCV  
  21  2:12  Marine  
  23  2:20  Refinery  
  23  2:28  SCV  
  24  2:30  Marine  
  27  2:37  Hellion  
  27  2:39  Starport  
  27  2:40  SCV  
  28  2:48  Barracks Reactor  
  28  2:52  SCV  
  28  2:56  Orbital Command  
  28  3:04  SCV  
  28  3:08  Factory Tech Lab  
  28  3:16  SCV  
  28  3:17  Medivac  
  31  3:22  SCV  
  31  3:25  Marine x2  
  34  3:28  SCV  
  34  3:32  Siege Tank  
  38  3:34  SCV  
  38  3:35  Supply Depot  
  38  3:40  SCV  
  40  3:42  Marine x2  
  40  3:47  Refinery  
  40  3:48  SCV  
  43  3:53  SCV, Starport Tech Lab  
  44  4:00  Marine  
  44  4:01  Supply Depot  
  44  4:02  SCV  
  46  4:03  Marine  
  46  4:04  Cyclone  
  49  4:12  SCV  
  49  4:13  Raven  
  49  4:14  SCV  
  53  4:17  Refinery  
  53  4:19  Marine  
  53  4:22  Supply Depot, Marine  
  53  4:24  SCV  
  56  4:26  SCV  
  57  4:36  Siege Tank, SCV  
  62  4:38  SCV, Interference Matrix  
  62  4:43  Marine  
  63  4:48  SCV  
  63  4:50  Raven, SCV  
  63  4:52  Supply Depot  
  67  4:59  Starport  
  67  5:02  Supply Depot, SCV x2  
  67  5:03  Marine  
  70  5:08  Marine  
  70  5:13  Siege Tank  
  72  5:14  SCV x2  
  74  5:26  Supply Depot  
  76  5:29  SCV  
  77  5:41  SCV x2  
  77  5:43  Liberator, Command Center  
  77  5:46  Viking x2  
  77  5:48  Siege Tank  
  87  5:53  SCV  
  88  6:02  SCV  
  89  6:05  Supply Depot  
  89  6:06  Stimpack  
  89  6:10  Barracks x2  
  89  6:12  SCV  
  89  6:15  Marine  
  91  6:18  Viking  
  93  6:27  SCV, Siege Tank, Viking  
  93  6:30  SCV  
  93  6:31  Supply Depot  
  100  6:33  Supply Depot, Marine  
  101  6:47  SCV  
  101  6:53  Marine, Viking  
  102  7:06  Siege Tank  
  91  7:10  Viking  
  91  7:11  SCV  
  80  7:16  Orbital Command  
  80  7:17  SCV  
  80  7:18  Barracks Tech Lab, Barracks Reactor  
  80  7:20  Marine, Engineering Bay  
  80  7:21  Engineering Bay, Barracks  
  80  7:22  Barracks, Viking  
  84  7:23  SCV  
  84  7:28  Viking  
  84  7:29  SCV  
  88  7:35  SCV  
  89  7:37  Marine  
  89  7:39  Marine  
  89  7:40  Combat Shield  
  89  7:42  SCV  
  89  7:43  Viking  
  94  7:45  Siege Tank  
  94  7:46  SCV  
  94  7:50  Terran Infantry Weapons Level 1  
  98  7:53  SCV  
  98  7:54  Terran Infantry Armor Level 1  
  98  7:55  Marine x2  
  98  7:58  Marine x2  
  100  8:00  SCV x2  
  100  8:03  Refinery  
  100  8:04  Refinery  
  104  8:10  Barracks Reactor x2  
  102  8:14  Marine x2  
  102  8:15  SCV  
  102  8:17  Marine  
  102  8:18  Siege Tank, SCV  
  102  8:19  SCV  
  109  8:21  Supply Depot, Marine  
  109  8:24  Medivac  
  110  8:35  Marine  
  110  8:38  Marine  
  110  8:40  Marine  
  110  8:41  Marine  
  101  8:43  Liberator x2  
  101  8:48  Marine  
  108  8:52  Marine  
  108  8:53  Siege Tank, Marine  
  108  8:54  SCV x2  
  104  8:55  SCV  
  104  8:57  Marine x2  
  104  8:58  Marine, Command Center  
  104  9:00  Marine  
  109  9:03  Armory  
  109  9:05  Marine, Barracks Reactor  
  110  9:10  Marine  
  110  9:11  Marine, Missile Turret  
  110  9:12  Missile Turret, Sensor Tower  
  110  9:15  Marine x2, Viking  
  116  9:21  Marine  
  117  9:25  Marine x2  
  117  9:28  Siege Tank  
  117  9:30  Supply Depot  
  117  9:31  Marine  
  123  9:33  Viking  
  123  9:34  Marine, Viking  
  123  9:37  Marine  
  129  9:42  Marine  
  129  9:45  Marine  
  131  9:47  Marine  
  131  9:49  Marine  
  129  9:54  Marine  
  129  9:56  Marine  
  129  9:57  Liberator  
  129  9:59  Marine x2  
  133  10:05  Marine  
  133  10:06  Marine, Terran Infantry Armor Level 2, Terran Infantry Weapons Level 2  
  135  10:08  Terran Vehicle Weapons Level 1  
  135  10:11  Command Center  
  135  10:12  Supply Depot, Marine x2  
  135  10:13  Supply Depot  
  134  10:16  Sensor Tower  
  134  10:19  Starport Reactor  
  134  10:21  Marine x3  
  136  10:22  Marine  
  136  10:24  Marine x3  
  136  10:25  Siege Tank  
  144  10:30  Marine x2  
  144  10:31  Liberator  
  144  10:35  Factory  
  149  10:38  SCV x2, Marine, Missile Turret  
  149  10:39  Marine, Missile Turret  
  149  10:40  Marine  
  153  10:46  Marine x2  
  153  10:48  Marine, Viking  
  158  10:50  Marine  
  159  10:57  Marine  
  159  11:00  Sensor Tower  
  159  11:01  Siege Tank  
  159  11:03  Marine, Missile Turret  
  164  11:06  Medivac  
  165  11:11  Marine, Medivac  
  165  11:12  Marine  
  165  11:14  Marine x2  
  165  11:15  Marine  
  165  11:18  Marine  
  173  11:22  Siege Tank, Marine  
  177  11:28  Marine x2  
  178  11:35  Marine  
  178  11:36  Marine x2  
  178  11:38  Siege Tank  
  178  11:39  Supply Depot  
  183  11:41  Marine  
  183  11:43  Liberator  
  183  11:44  Marine  
  188  11:53  Planetary Fortress, Marine x4  
  192  11:54  Supply Depot, Marine  
  192  12:00  Marine  
  192  12:01  Marine  
  194  12:07  Sensor Tower  
  195  12:14  Siege Tank  
  198  12:16  Command Center  
  198  12:28  Viking  
  198  12:34  Viking  
  198  12:35  Marine, Viking  
  197  12:41  Viking  
  197  12:42  Siege Tank  
  199  12:45  Starport, Refinery  
  199  12:46  Terran Infantry Weapons Level 3  
  199  12:47  Refinery  
  199  12:52  Terran Infantry Armor Level 3  
  199  12:55  Marine  
  200  13:02  Terran Vehicle Weapons Level 2  
  197  13:22  Starport Tech Lab x2, Command Center  
  197  13:29  SCV x2  
  199  13:45  Marine  
  199  13:47  Marine x2  
  199  13:48  Marine  
  197  13:49  Marine  
  197  13:50  Siege Tank x2  
  197  13:55  Raven  
  134  14:12  Marine  
  134  14:15  Raven, SCV x2  
  134  14:16  Marine  
  120  14:17  Marine  
  120  14:18  Orbital Command, Marine, Viking x2  
  120  14:19  Marine x2  
  120  14:20  Marine x2  
  120  14:22  Siege Tank  
  130  14:24  SCV  
  130  14:27  Marine  
  130  14:28  Siege Tank, SCV  
  130  14:29  SCV  
  130  14:30  Marine  
  130  14:31  Raven  
  136  14:34  Marine  
  136  14:35  Marine  
  136  14:36  Planetary Fortress, SCV, Marine  
  136  14:37  Marine  
  141  14:40  SCV  
  141  14:41  Marine  
  143  14:50  Marine  
  143  14:52  Marine x2  
  127  14:54  Raven  
  127  14:55  Marine  
  127  14:56  Medivac  
  127  14:57  Medivac  
  127  14:58  SCV x3  
  139  15:01  SCV  
  139  15:04  Marine  
  141  15:07  Raven  
  141  15:10  SCV  
  141  15:13  SCV, Marine x2  
  147  15:18  Siege Tank  
  147  15:21  Marine  
  150  15:22  SCV  
  150  15:23  SCV x2  
  150  15:26  Siege Tank  
  157  15:29  Raven  
  157  15:31  SCV  
  157  15:32  SCV  
  157  15:35  SCV x2  
  162  15:36  SCV  
  162  15:37  Marine  
  162  15:40  Marine  
  165  15:43  Terran Vehicle And Ship Armor Level 1, Marine  
  165  15:44  Marine x2  
  165  15:46  Raven  
  170  15:52  Siege Tank  
  170  15:55  SCV x2  
  175  15:57  Sensor Tower  
  175  16:00  Marine x3  
  175  16:01  Viking  
  175  16:02  Siege Tank  
  182  16:05  Viking  
  182  16:06  Marine  
  182  16:09  Marine x2, Refinery  
  189  16:11  Raven  
  189  16:13  Marine  
  189  16:15  Marine  
  189  16:18  Marine  
  191  16:21  Marine x2  
  191  16:22  Marine  
  191  16:24  Raven  
  161  16:41  Marine  
  161  16:42  Marine x2  
  161  16:43  Viking x2  
  161  16:45  Marine x2  
  172  16:47  Marine  
  172  16:49  Command Center  
  172  16:51  Marine  
  172  16:52  Marine  
  175  16:54  Marine  
  175  16:57  Raven  
  175  16:59  Marine x2  
  175  17:01  Marine  
  181  17:02  Raven, Marine  
  181  17:05  Starport  
  181  17:07  Marine  
  184  17:09  Refinery  
  184  17:13  Starport  
  184  17:14  Armory  
  178  17:18  Viking  
  178  17:20  Command Center  
  178  17:21  Viking  
  182  17:24  Marine  
  182  17:26  Marine  
  182  17:29  Marine x2  
  185  17:31  Marine x4  
  185  17:36  Raven  
  192  17:39  Raven  
  192  17:43  Starport Tech Lab  
  194  17:47  Marine  
  194  17:49  Marine x2  
  197  17:51  Marine x2  
  197  17:52  Sensor Tower  
  199  18:00  Marine  
  199  18:03  Starport Reactor  
  199  18:15  Terran Vehicle And Ship Armor Level 2  
  199  18:16  Sensor Tower  
  199  18:17  Terran Ship Weapons Level 1  
  199  18:19  Command Center  
  199  18:20  Marine  
  200  18:40  Planetary Fortress  
  200  18:45  Neosteel Armor  
  200  18:46  Hi-Sec Auto Tracking  
  200  18:47  Marine  
  200  18:49  Missile Turret  
  200  18:50  Orbital Command  
  200  18:53  Missile Turret  
  200  18:55  Command Center  
  199  19:02  Marine  
  200  19:22  Missile Turret  
  200  19:24  Missile Turret  
  200  19:25  Missile Turret  
  200  19:38  Marine x4  
  148  19:40  Marine x5  
  148  19:42  Siege Tank x2  
  148  19:43  Raven x2, Viking x2  
  121  19:47  Orbital Command  
  121  19:49  Viking x2  
  121  19:50  Raven  
  117  19:56  Marine x4  
  117  19:57  Marine  
  117  19:58  Marine x2  
  117  19:59  Marine x2  
  117  20:13  Marine x2  
  118  20:14  Marine x2  
  118  20:15  Marine  
  118  20:16  Marine x2  
  118  20:17  Marine x2  
Tags
 
Add a new tag
Caveats
  • Supply blocks, unpowered buildings, or Contaminate may cause inaccurate times.
  • Supply counts are checked every 10 seconds.